 Dungeon Crawl Stone Soup version 0.30-a0-373-gd37427bb62 (webtiles) character file.

Game seed: 14118421435335971977

79236 sanka the Brawler (level 15, -4/149 HPs)
             Began as a Troll Artificer on Nov 24, 2022.
             Was a High Priest of Okawaru.
             Slain by a broodmother (15 damage)
             ... on level 2 of the Lair of Beasts.
             The game lasted 00:58:40 (19644 turns).

sanka the Brawler (Troll Artificer)                Turns: 19644, Time: 00:58:40

Health: -4/149     AC: 29    Str: 30    XL:     15   Next: 20%
Magic:  0/21       EV:  6    Int:  7    God:    Okawaru [*****.]
Gold:   1165       SH:  0    Dex: 10    Spells: 14/14 levels left

rFire   + + .      SeeInvis +      - Unarmed
rCold   + . .      Faith    .    (no shield)
rNeg    . . .      Spirit   +    V - +5 gold dragon scales
rPois   +          Reflect  .    (helmet restricted)
rElec   .          Harm     .    B - +1 cloak {rCorr}
rCorr   +          Rampage  .    (gloves unavailable)
Will    +....                    (boots unavailable)
Stlth   ..........               o - amulet of guardian spirit
HPRegen 1.24/turn                z - ring of protection from fire
MPRegen 0.17/turn                l - ring of see invisible

@: lethally poisoned (-4 -> -4), heroic
A: large, unfitting armour, claws 3, regeneration 1, shaggy fur 1, tough skin 1
a: Renounce Religion, Heroism, Finesse, Duel


You were on level 2 of the Lair of Beasts.
You worshipped Okawaru.
Okawaru was extremely pleased with you.
You visited 5 branches of the dungeon, and saw 21 of its levels.
You also visited: Ice Cave.

You collected 1760 gold pieces.
You spent 595 gold pieces at shops.


Innate Abilities, Weirdness & Mutations

You are too large for most types of armour.
You have claws for hands.
Your natural rate of healing is unusually fast.
You are covered in fur. (AC +1)
You have tough skin. (AC +1)


   Skills:
 - Level 10.2(15.2) Fighting
 - Level 10.0(15.0) Armour
 - Level 1.9(6.9) Dodging
 - Level 0.3(5.3) Stealth
 + Level 18.0(23.0) Unarmed Combat
 - Level 10.0 Invocations
 - Level 5.0 Evocations


You had 14 spell levels left.
You didn't know any spells.
Your spell library contained the following spells:

 Spells                   Type           Power      Damage    Failure   Level
 Frozen Ramparts          Ice            0%         1d1       100%        3
 Gell's Gravitas          Tloc           0%         N/A       100%        3
 Ignite Poison            Fire/Tmut/Pois 0%         N/A       100%        3
 Lesser Beckoning         Tloc           0%         N/A       100%        3
 Ozocubu's Armour         Ice            0%         N/A       100%        3
 Stone Arrow              Conj/Erth      0%         3d7       100%        3
 Teleport Other           Tloc           0%         N/A       100%        3
 Ice Form                 Ice/Tmut       0%         N/A       100%        4
 Sticky Flame             Conj/Fire      0%         2d3       100%        4
 Fireball                 Conj/Fire      0%         3d3       100%        5
 Iskenderun's Battlesphe  Conj           0%         2d6       100%        5
 Metabolic Englaciation   Hex/Ice        0%         N/A       100%        5
 Conjure Ball Lightning   Conj/Air       0%         3x3d7     100%        6
 Orb of Destruction       Conj           0%         9d5       100%        7
 Ignition                 Fire           0%         3d3       100%        8
 Lehudib's Crystal Spear  Conj/Erth      0%         10d2      100%        8
 Animate Armour           Summ/Erth      Unusable   N/A       N/A         4
 Summon Ice Beast         Ice/Summ       Unusable   N/A       N/A         4
 Simulacrum               Ice/Necr       Unusable   N/A       N/A         6

Inventory:

Missiles
 A - a throwing net {=f}
 H - a curare-tipped dart {=f}
 W - 6 javelins
Armour
 B - a +1 cloak of preservation (worn)
 V - +5 gold dragon scales (worn)
Jewellery
 l - a ring of see invisible (right claw)
 o - an amulet of guardian spirit (around neck)
 z - a ring of protection from fire (left claw)
 U - an amulet of regeneration
Wands
 b - a wand of polymorph (12)
 c - a wand of flame (17) (quivered)
 e - a wand of iceblast (12)
 t - a wand of quicksilver (14)
 S - a wand of paralysis (3)
 T - a wand of mindburst (4)
Scrolls
 a - 3 scrolls of noise {!r}
 f - 2 scrolls of silence {!r}
 h - 4 scrolls of fear
 j - 17 scrolls of teleportation {@r4}
 s - 3 scrolls of immolation {!r}
 v - a scroll of acquirement
 y - 3 scrolls of blinking
 E - 2 scrolls of fog
 J - a scroll of vulnerability {!r}
 K - 2 scrolls of poison {!r}
 O - 3 scrolls of magic mapping
Potions
 d - 3 potions of heal wounds {@q2}
 g - 3 potions of resistance
 i - 5 potions of cancellation
 m - 2 potions of haste {unknown}
 p - a potion of invisibility {unknown}
 q - a potion of berserk rage {unknown}
 r - 4 potions of attraction {!q}
 u - 3 potions of lignification {unknown}
 w - 3 potions of mutation {!q}
 x - a potion of ambrosia {unknown}
 D - a potion of curing {@q1}
 I - 2 potions of magic {unknown}
 P - 2 potions of flight
 Q - 2 potions of might
Miscellaneous
 C - a phial of floods
 G - a lightning rod (4/4)

Dungeon Overview and Level Annotations

Branches:
Dungeon (12/15)            Temple (1/1) D:5            Lair (5/5) D:11
 Shoals (0/4) Lair:3       Spider (1/4) Lair:2        Slime (0/5) Lair:4
    Orc (2/2) D:12            Elf (0/3) Orc:2         IceCv (visited)

Altars:
Ashenzari
Cheibriados
Dithmenos
Elyvilon
Fedhas
Gozag
Hepliaklqana
Kikubaaqudgha
Makhleb
Nemelex Xobeh
Okawaru
Qazlal
Ru
Sif Muna
Trog
Uskayaw
Vehumet
Wu Jian
Xom
Yredelemnul
Zin
The Shining One
Jiyva

Shops:
D:5 :   D:7 *   Orc:1 *   Orc:2 ??=(

Annotations:
D:3 3 runed translucent doors, MCDelver's ghost, amateur BaHu
Lair:4 1 runed translucent door, BankerBuddy's ghost, journeyman DsGl

▒........▒▒▒▒+▒.▒....▒.▒▒..▒▒
....▒f...▒ ▒...........▒▒..▒▒▒▒▒▒
..▒▒▒▒..▒▒▒▒▒▒▒▒▒▒.▒▒▒▒▒▒.....f▒▒
.......▒▒^▒.▒▒▒▒ ▒.▒..▒.▒....>.[.
▒▒▒▒.P.▒▒▒.▒.▒^▒▒▒...............
...▒..[▒▒^▒.▒▒▒.▒▒▒.°............
...▒...▒.▒▒▒^▒▒▒^▒▒..............
...▒......▒.▒.▒.s.≈..▒▒▒▒.▒▒▒▒▒▒.
...▒.......▒.▒..T.≈..▒ ▒▒▒ ▒▒
▒▒'▒......▒^▒.▒°..≈..▒▒▒▒ ▒▒
▒..[...▒?▒▒▒▒▒▒▒s▒▒s..▒.▒ ▒▒▒▒.
▒.P....▒▒^▒.▒▒▒.▒▒▒.....▒▒▒▒▒.▒.▒
▒.⌠....▒▒▒^▒.▒.▒▒▒...............
▒.P....▒▒.▒▒▒▒▒▒▒▒...............
........▒▒▒ ▒...........▒▒.▒.
........▒▒ ▒▒▒P...▒....▒▒▒..
...▒▒....▒ ▒▒▒▒▒▒.....▒▒..


You could see a broodmother, a wolf spider (summoned) and a jumping spider.


Message History

You assume a fearsome visage.
The broodmother looks frightened!
The jumping spider looks frightened!
The culicivora looks frightened!
The jumping spider looks frightened!
The jumping spider looks frightened!
You feel sick.
The jumping spider leaps!
The jumping spider leaps!
The jumping spider leaps!
The jumping spider leaps!
The jumping spider leaps!
The jumping spider leaps!
Unknown command.
Unknown command.
Aiming: Mindburst
Aim: a broodmother (heavily wounded, fleeing, chance to affect: 50%)
Your attack snaps the broodmother out of its fear.
The broodmother resists with some effort.
You feel sick.
You claw the broodmother!
The broodmother is severely wounded.
The broodmother bites you.
* * * LOW HITPOINT WARNING * * *
A spider bursts forth from the wound!
You claw the broodmother!
The broodmother is severely wounded.
You feel sick. The broodmother bites you!
You die...

Action                   |  1- 3 |  4- 6 |  7- 9 | 10-12 | 13-15 || total
-------------------------+-------+-------+-------+-------+-------++-------
Melee: Club              |    16 |       |       |       |       ||    16
       Unarmed           |    73 |    83 |   253 |   563 |   841 ||  1813
       Punch             |       |     4 |    18 |    45 |    97 ||   164
Invok: Heroism           |       |       |     7 |    29 |    23 ||    59
       Finesse           |       |       |       |     1 |     2 ||     3
Evoke: Wand              |     3 |     2 |     6 |    11 |    15 ||    37
       Lightning rod     |       |       |       |     5 |     4 ||     9
  Use: Scroll            |       |     5 |     2 |     6 |    16 ||    29
       Potion            |       |       |       |     1 |     2 ||     3
 Stab: Sleeping          |     2 |       |     3 |     1 |       ||     6
       Distracted        |       |       |       |       |     1 ||     1
       Paralysed         |       |       |       |       |     1 ||     1
       Petrified         |       |       |       |       |     7 ||     7
Armor: Robe              |    28 |    15 |    40 |    60 |       ||   143
       Acid dragon scale |       |       |       |    92 |    19 ||   111
       Gold dragon scale |       |       |       |       |   600 ||   600
Dodge: Dodged            |    38 |    39 |    86 |   253 |   161 ||   577

Levels and vault maps discovered:
D:1:      nicolae_arrival_memento_mori, layout_basic,
          ebering_ecumenical_altar_hall
D:2:      layout_basic, serial_shops, shop, basic_altar, reono_crystal_passage,
          minmay_fractal_squares_5, uniq_sigmund
D:3:      layout_rooms, grunt_temple_overflow_cloverleaf, gammafunk_ghost_icy
D:4:      layout_gridville, minmay_misc_feat_pillars, kennysheep_flooded_box
D:5:      layout_rooms, minmay_temple_entry_tees, nicolae_shop_i_like_big_books
D:6:      layout_basic, dk_noncrumbling_3, chequers_arboretum
D:7:      layout_rooms, minmay_shop_damaged
D:8:      layout_basic, uniq_maurice, uniq_amaemon, uniq_pikel
D:9:      layout_rooms, grunt_decor_arrowhead
D:10:     layout_roguey, serial_rivers, chequers_serial_rivers_room_a,
          chequers_serial_rivers_large_b, chequers_serial_rivers_marsh,
          chequers_serial_rivers_micro_b, chequers_serial_rivers_marsh,
          uniq_josephine
D:11:     layout_basic, grunt_lair_entry_orc_guard_hut, grunt_ministairs_11,
          minivault_16, nzn_wu_jian_council_hall
D:12:     layout_loops_ring, minmay_orc_entry_temple_small, uniq_nessos
Temple:   regret_index_temple_mists
Lair:1:   layout_regular_city, grunt_forest_large_clearings, grunt_megastairs_1
Lair:2:   layout_small_grid, nicolae_spider_entry_tight_spaces,
          bh_autumn_forest_stairs, eino_house_with_fridge, grunt_megastairs_3,
          serial_bayou_shore_b, lemuel_fruit_tree, uniq_maggie
Lair:3:   layout_roguey, minmay_shoals_entry_hut, st_stairs_11
Lair:4:   layout_misc_corridors, slime_entry_1, ebering_ghost_reflecting_pool,
          uniq_urug
Lair:5:   evilmike_catoblepas_cave, layout_hall_layers,
          portal_ice_cave_entry_pillars_1, uniq_snorg
Spider:1: layout_cave_pods, nicolae_spider_checkerboard
Orc:1:    layout_diamond_mine, basic_altar, abandoned_shop,
          nicolae_shop_clearance
Orc:2:    kennysheep_orc_mage_school, layout_diamond_mine

Notes
Turn   | Place    | Note
-------+----------+-------------------------------------------
     0 | D:1      | sanka the Troll Artificer began the quest for the Orb.
     0 | D:1      | Reached XP level 1. HP: 18/18 MP: 0/0
    85 | D:1      | Reached skill level 1 in Fighting
   124 | D:1      | Reached skill level 1 in Unarmed Combat
   244 | D:1      | Reached XP level 2. HP: 27/27 MP: 1/1
   410 | D:1      | Reached skill level 2 in Unarmed Combat
   708 | D:1      | Found a faded altar of an unknown god.
   727 | D:1      | Reached XP level 3. HP: 33/33 MP: 2/2
  1018 | D:2      | Found Rafaniod's Distillery.
  1034 | D:2      | Bought a potion of curing for 33 gold pieces
  1057 | D:2      | Noticed Sigmund
  1078 | D:2      | Killed Sigmund
  1079 | D:2      | Reached skill level 2 in Fighting
  1079 | D:2      | Reached skill level 4 in Unarmed Combat
  1079 | D:2      | Reached XP level 4. HP: 35/42 MP: 3/3
  1079 | D:2      | Reached XP level 5. HP: 40/49 MP: 4/4
  1106 | D:2      | Found a shimmering altar of Xom.
  1349 | D:2      | Reached skill level 5 in Unarmed Combat
  1422 | D:2      | Identified a +0 crystal plate armour
  1529 | D:3      | Found a hazy altar of Hepliaklqana.
  1532 | D:3      | Found a bloodstained altar of Trog.
  1535 | D:3      | Found a radiant altar of Vehumet.
  1545 | D:3      | Found a shadowy altar of Dithmenos.
  1575 | D:3      | Reached XP level 6. HP: 45/57 MP: 5/5
  1622 | D:3      | Reached skill level 6 in Unarmed Combat
  1628 | D:5      | Entered Level 5 of the Dungeon
  1642 | D:5      | Identified 2 potions of resistance
  1811 | D:3      | Found a runed translucent gate.
  1811 | D:3      | Found a runed translucent gate.
  1812 | D:3      | Found a runed translucent gate.
  1907 | D:3      | Reached XP level 7. HP: 65/65 MP: 6/6
  2081 | D:3      | Noticed MCDelver's ghost (amateur BaHu)
  2404 | D:4      | Reached skill level 7 in Unarmed Combat
  3138 | D:5      | Found a staircase to the Ecumenical Temple.
  3176 | Temple   | Entered the Ecumenical Temple
  3313 | Temple   | Became a worshipper of Warmaster Okawaru
  3401 | D:5      | Reached skill level 8 in Unarmed Combat
  3629 | D:5      | Found Galex Lerrou's Tremendous Tomes.
  3763 | D:6      | Noticed a steam dragon
  3772 | D:6      | Killed a steam dragon
  3772 | D:6      | Reached * piety under Okawaru
  3773 | D:6      | Reached skill level 9 in Unarmed Combat
  3773 | D:6      | Reached XP level 8. HP: 28/72 MP: 2/7
  4019 | D:6      | Reached skill level 1 in Invocations
  4061 | D:6      | Reached skill level 10 in Unarmed Combat
  4111 | D:6      | Reached skill level 2 in Invocations
  4195 | D:6      | Reached skill level 3 in Invocations
  4361 | D:6      | Reached ** piety under Okawaru
  4403 | D:6      | Reached skill level 4 in Invocations
  4802 | D:7      | Reached XP level 9. HP: 68/79 MP: 8/11
  4873 | D:7      | Reached skill level 5 in Invocations
  4978 | D:7      | Found Oheyriuda's Lightly-Used Armoury.
  5004 | D:7      | Reached *** piety under Okawaru
  5005 | D:7      | Reached skill level 3 in Fighting
  5088 | D:7      | Reached skill level 4 in Fighting
  5213 | D:7      | Reached skill level 11 in Unarmed Combat
  5581 | D:8      | Noticed Amaemon
  5581 | D:8      | Noticed an orange demon
  5610 | D:8      | Killed an orange demon
  5611 | D:8      | Reached skill level 5 in Fighting
  5844 | D:8      | Noticed Maurice
  5868 | D:8      | Killed Maurice
  5869 | D:8      | Reached XP level 10. HP: 67/96 MP: 8/12
  5974 | D:8      | Killed Amaemon
  5974 | D:8      | Reached **** piety under Okawaru
  6196 | D:8      | Noticed Pikel
  6203 | D:8      | Killed Pikel
  6204 | D:8      | Reached skill level 6 in Fighting
  6204 | D:8      | Reached skill level 12 in Unarmed Combat
  6870 | D:9      | Reached skill level 7 in Fighting
  7113 | D:9      | Reached ***** piety under Okawaru
  7386 | D:10     | Entered Level 10 of the Dungeon
  7386 | D:10     | Noticed Josephine
  7445 | D:10     | Reached skill level 13 in Unarmed Combat
  7597 | D:10     | Killed Josephine
  7598 | D:10     | Reached XP level 11. HP: 110/110 MP: 11/13
  7799 | D:10     | Reached skill level 8 in Fighting
  8040 | D:10     | Received a gift from Okawaru
  8541 | D:11     | Noticed a two-headed ogre
  8571 | D:11     | Killed a two-headed ogre
  8571 | D:11     | Identified the +3 giant spiked club of Amorality {venom,
                  | Stlth+} (Okawaru gifted it to you on level 11 of the
                  | Dungeon)
  8571 | D:11     | Received a gift from Okawaru
  8572 | D:11     | Reached skill level 3 in Evocations
  8690 | D:11     | Reached skill level 4 in Evocations
  8804 | D:11     | Noticed a two-headed ogre
  8809 | D:11     | Killed a two-headed ogre
  8835 | D:11     | Identified +0 acid dragon scales
  8836 | D:11     | Reached skill level 5 in Evocations
  9044 | D:11     | Found an ornate altar of the Wu Jian Council.
  9361 | D:11     | Noticed a two-headed ogre
  9366 | D:11     | Killed a two-headed ogre
  9367 | D:11     | Reached skill level 14 in Unarmed Combat
  9501 | D:11     | Found a staircase to the Lair.
  9519 | Lair:1   | Entered Level 1 of the Lair of Beasts
  9578 | Lair:1   | Reached skill level 9 in Fighting
  9676 | Lair:1   | Reached XP level 12. HP: 119/123 MP: 14/14
  9827 | Lair:1   | Received a gift from Okawaru
 10101 | Lair:1   | Noticed a boulder beetle
 10164 | D:11     | Killed a boulder beetle
 10194 | Lair:1   | Reached skill level 10 in Fighting
 10209 | Lair:1   | Reached skill level 15 in Unarmed Combat
 10703 | Lair:2   | Reached skill level 6 in Invocations
 10851 | Lair:2   | Identified the +2 robe "Qauttero" {Rampage Str-4 Int+7
                  | Archmagi} (Okawaru gifted it to you on level 2 of the Lair
                  | of Beasts)
 10851 | Lair:2   | Received a gift from Okawaru
 10883 | Lair:2   | Found a hole to the Spider Nest.
 10893 | Lair:2   | Reached skill level 7 in Invocations
 11337 | Lair:2   | Identified +0 steam dragon scales
 11337 | Lair:2   | Noticed Maggie
 11342 | Lair:2   | Maggie changed into Maggie the ice beast
 11342 | Lair:2   | Noticed Maggie
 11346 | Lair:2   | Killed Maggie the ice beast
 11347 | Lair:2   | Reached skill level 8 in Invocations
 12045 | Lair:3   | Noticed a seven-headed hydra
 12096 | Lair:3   | Killed a seven-headed hydra
 12401 | Lair:3   | Found a staircase to the Shoals.
 12627 | Lair:4   | Found a staircase to the Slime Pits.
 12627 | Lair:4   | Found a viscous altar of Jiyva.
 12634 | Lair:4   | Reached XP level 13. HP: 128/133 MP: 18/18
 12643 | Lair:4   | Reached skill level 9 in Invocations
 12995 | Lair:4   | Found a runed translucent door.
 12999 | Lair:4   | Noticed Urug
 13016 | Lair:4   | Killed Urug
 13017 | Lair:4   | Reached skill level 10 in Invocations
 13178 | Lair:4   | Identified the +3 mace of Responsibility {vorpal, rF+ rCorr
                  | Int-2 Dex+7}
 13446 | Lair:4   | Noticed BankerBuddy's ghost (journeyman DsGl)
 13462 | Lair:5   | Entered Level 5 of the Lair of Beasts
 13467 | Lair:5   | Identified +0 gold dragon scales
 13495 | Lair:5   | Reached skill level 1 in Armour
 13505 | Lair:5   | Found a frozen archway.
 13515 | Lair:5   | Received a gift from Okawaru
 13516 | Lair:5   | Reached skill level 2 in Armour
 13531 | Lair:5   | Noticed Snorg
 13537 | Lair:5   | Killed Snorg
 13538 | Lair:5   | Reached skill level 3 in Armour
 13592 | IceCv    | Entered an ice cave
 13643 | IceCv    | Reached skill level 4 in Armour
 13722 | IceCv    | Reached skill level 5 in Armour
 13987 | IceCv    | Reached skill level 6 in Armour
 14069 | IceCv    | Identified +1 pearl dragon scales (Okawaru gifted it to you
                  | in an ice cave)
 14069 | IceCv    | Received a gift from Okawaru
 14086 | IceCv    | Reached skill level 7 in Armour
 14177 | IceCv    | Noticed a frost giant
 14209 | IceCv    | Killed a frost giant
 14327 | IceCv    | Identified a +0 robe of resistance
 14565 | Lair:5   | Reached XP level 14. HP: 143/143 MP: 20/20
 14571 | Lair:5   | Reached skill level 8 in Armour
 14741 | Lair:5   | Reached skill level 9 in Armour
 15110 | Lair:5   | Reached skill level 10 in Armour
 15357 | Lair:5   | Reached ****** piety under Okawaru
 15584 | Lair:5   | Reached skill level 16 in Unarmed Combat
 15626 | Lair:5   | Identified the +1 rapier of the Protecting Oracle
                  | {antimagic, rCorr} (Okawaru gifted it to you on level 5 of
                  | the Lair of Beasts)
 15626 | Lair:5   | Received a gift from Okawaru
 16348 | D:12     | Identified a scroll of acquirement
 16459 | D:12     | Found a staircase to the Orcish Mines.
 16742 | D:12     | Noticed Nessos
 16766 | D:12     | Killed Nessos
 17080 | Orc:1    | Entered Level 1 of the Orcish Mines
 17083 | Orc:1    | Paralysed by an orc sorcerer for 3 turns
 17162 | Orc:1    | Found Zufihumn's CLEARANCE SALE!.
 17579 | Orc:2    | Entered Level 2 of the Orcish Mines
 17705 | Orc:1    | Reached skill level 17 in Unarmed Combat
 17994 | Orc:2    | Noticed an orc warlord
 18005 | Orc:2    | Received a gift from Okawaru
 18014 | Orc:2    | Killed an orc warlord
 18087 | Orc:2    | Found a staircase to the Elven Halls.
 18160 | Orc:2    | Paralysed by an orc sorcerer for 4 turns
 18213 | Orc:2    | Noticed an orc warlord
 18217 | Orc:2    | Reached XP level 15. HP: 139/149 MP: 17/21
 18537 | Orc:2    | Found Emearogu's Magic Scroll Shop.
 18581 | Orc:2    | Found an ancient bone altar of Kikubaaqudgha.
 18590 | Orc:2    | Found Kiobun's Antique Weapon Shop.
 18625 | Orc:2    | Noticed Erolcha
 18631 | Orc:2    | Found a radiant altar of Vehumet.
 18636 | Orc:2    | Identified the +0 robe of Bygeam {rElec rPois rF+ Slay+2}
                  | (Okawaru gifted it to you on level 2 of the Orcish Mines)
 18636 | Orc:2    | Received a gift from Okawaru
 18642 | Orc:2    | Killed Erolcha
 18750 | Orc:2    | Found Luerennu's Magic Scroll Boutique.
 18758 | Orc:2    | Found Suzan's Jewellery Boutique.
 18986 | Orc:2    | Bought a scroll of enchant armour for 75 gold pieces
 19016 | Orc:2    | Bought a scroll of blinking for 112 gold pieces
 19049 | Orc:2    | Bought a scroll of identify for 20 gold pieces
 19050 | Orc:2    | Bought a scroll of fear for 40 gold pieces
 19050 | Orc:2    | Bought a scroll of fog for 40 gold pieces
 19360 | D:2      | Bought a potion of curing for 33 gold pieces
 19360 | D:2      | Bought a potion of flight for 33 gold pieces
 19360 | D:2      | Bought 2 potions of degeneration for 22 gold pieces
 19360 | D:2      | Bought a potion of brilliance for 44 gold pieces
 19360 | D:2      | Bought a potion of attraction for 33 gold pieces
 19360 | D:2      | Bought a potion of resistance for 110 gold pieces
 19619 | Spider:1 | Entered Level 1 of the Spider Nest
 19622 | Spider:1 | Reached skill level 18 in Unarmed Combat
 19639 | Lair:2   | HP: 14/149 [jumping spider[a broodmother] (7)]
 19644 | Lair:2   | HP: 11/149 [poisoned by a wolf spider]
 19644 | Lair:2   | Slain by a broodmother

Vanquished Creatures
  A frost giant (IceCv)
  2 orc warlords (Orc:2)
  Nessos (D:12)
  Snorg (Lair:5)
  Josephine (D:10)
  3 hydras
  Erolcha (Orc:2)
  3 catoblepae (Lair:5)
  2 ogre magi (Orc:2)
  3 two-headed ogres (D:11)
  A boulder beetle (D:11)
  15 death yaks
  Urug (Lair:4)
  Amaemon (D:8)
  Pikel (D:8)
  A lindwurm (Lair:5)
  10 orc sorcerers
  2 manticores (Lair:5)
  A necromancer (Lair:2)
  5 cyclopes
  Maurice (D:8)
  4 black mambas
  A torpor snail (Lair:5)
  An ice statue (IceCv)
  13 elephants
  An orange demon (D:8)
  2 gargoyles
  8 cane toads
  A kobold demonologist (D:10)
  4 komodo dragons
  2 unseen horrors (D:12)
  4 rime drakes
  7 trolls
  A tarantella (Spider:1)
  2 hornets (D:9)
  9 polar bears
  18 blink frogs (Lair:5)
  A snapping turtle (Lair:3)
  12 dream sheep
  6 culicivoras (Lair:2)
  Sigmund (D:2)
  2 jumping spiders (Spider:1)
  5 wyverns
  2 shadows (D:10)
  5 wraiths
  50 yaks
  2 vampires
  A basilisk (Lair:5)
  5 redbacks
  7 vampire mosquitoes
  A steam dragon (D:6)
  2 wargs (Orc:2)
  2 acid dragons (D:11)
  10 water moccasins
  5 black bears
  2 ice beasts
  A sky beast (D:6)
  24 orc warriors
  10 ogres
  54 wolves
  7 centaurs
  3 lemures (D:8)
  A phantom (D:6)
  A kobold brigand (D:9)
  13 bullfrogs
  A necrophage (D:7)
  4 scorpions
  4 wights (D:10)
  10 killer bees (D:9)
  3 howler monkeys
  An electric eel (Lair:3)
  17 orc priests
  2 jellies
  2 hounds
  2 gnoll boudas
  An iguana (D:5)
  40 orc wizards
  4 polar bear simulacra (Lair:2)
  4 wolf simulacra (Lair:2)
  2 yak simulacra (Lair:2)
  9 gnolls
  10 adders
  A shadow imp (D:7)
  2 ufetubi
  5 worms
  8 dart slugs
  88 orcs
  6 ball pythons
  6 endoplasms
  4 giant cockroaches
  7 hobgoblins
  8 jackals
  5 quokkas (D:4)
  4 bats
  8 frilled lizards
  4 goblins
  10 kobolds
  4 rats
  A river rat simulacrum (Lair:2)
657 creatures vanquished.

Vanquished Creatures (collateral kills)
  A hound (D:5)
  An orc (D:5)
2 creatures vanquished.

Vanquished Creatures (others)
  A wolf spider (Spider:1)
  An orc wizard (D:11)
  A bush (Lair:1)
  46 fungi
  39 plants
88 creatures vanquished.

Grand Total: 747 creatures vanquished
